 Dungeon Crawl Stone Soup version 0.31-a0-180-g519b7de00c (webtiles) character file.

Game seed: 4413761924034468910

55 qw the Chopper (level 3, -2/23 HPs)
             Began as a Gargoyle Fighter on June 19, 2023.
             Slain by Terence
             ... wielding a +0 flail
              (6 damage)
             ... on level 2 of the Dungeon.
             The game lasted 00:00:46 (1369 turns).

qw the Chopper (Gargoyle Fighter)                   Turns: 1369, Time: 00:00:47

Health: -2/23      AC: 11    Str: 21    XL:     3   Next: 93%
Magic:  3/3        EV:  9    Int:  8    God:
Gold:   138        SH:  5    Dex: 15    Spells: 2/2 levels left

rFire   . . .        Y - +0 war axe
rCold   . . .        c - +0 buckler
rNeg    + . .        b - +0 scale mail
rPois   inf          (no helmet)
rElec   +            (no cloak)
rCorr   .            (no gloves)
SInv    .            k - +0 pair of boots
Will    .....        (no amulet) Stlth
                     f - +6 ring of dexterity
HPRegen 0.23/turn    (no ring)
MPRegen 0.08/turn

%: no passive effects
@: no status effects
A: sickness immunity, AC +3, negative energy resistance 1, electricity
resistance, torment resistance 1, petrification resistance
a: no special abilities


You were on level 2 of the Dungeon.
You visited 1 branch of the dungeon, and saw 2 of its levels.

You collected 138 gold pieces.


Innate Abilities, Weirdness & Mutations

You are immune to sickness and miasma.
Your stone body is resilient. (AC +3)
You are immune to poison.
You resist negative energy. (rN+)
You are resistant to electric shocks. (rElec)
You are resistant to unholy torment.
You are immune to petrification.


   Skills:
 - Level 3.2 Fighting
 - Level 3.5 Axes
 - Level 3.2 Armour
 + Level 0.7 Dodging
 - Level 3.2 Shields


You had 2 spell levels left.
You didn't know any spells.
Your spell library was empty.

Inventory:

Hand Weapons
 g - a +0 whip
 Y - a +0 war axe (weapon)
Armour
 b - a +0 scale mail (worn)
 c - a +0 buckler (worn)
 k - a +0 pair of boots (worn)
Jewellery
 f - a +6 ring of dexterity (left hand)
Scrolls
 a - a scroll of identify
 e - a scroll of fear {unknown}
Potions
 d - a potion of might
 h - 3 potions of curing {unknown}
 i - a potion of lignification {unknown}
 m - a potion of ambrosia {unknown}

Dungeon Overview and Level Annotations

Branches:
Dungeon (2/15)

Altars:

Annotations:
D:2 Terence


Message History

You block the jackal's attack. The jackal bites you.
Terence closely misses you.
You hit the jackal.
The jackal is severely wounded.
You barely miss Terence.
The jackal bites you but does no damage.
Terence hits you with a +0 flail. The jackal bites you.
Terence hits you but does no damage.
You barely miss the jackal.
The jackal is severely wounded.
You hit Terence. The jackal bites you.
The jackal bites you but does no damage.
Terence closely misses you.
You slash the jackal!
You kill the jackal!
You hit Terence. Terence hits you with a +0 flail.
You hit Terence.
Terence is heavily wounded.
Terence barely misses you. You block Terence's attack.
You closely miss Terence.
Terence is heavily wounded.
Terence hits you but does no damage.
You hit Terence but do no damage.
Terence is heavily wounded.
Terence hits you with a +0 flail.
Terence screams, "I'm going to kill you!"
Terence hits you with a +0 flail.
You completely miss Terence.
Terence is heavily wounded.
Terence hits you but does no damage.
You barely miss Terence.
Terence is heavily wounded.
Terence closely misses you.
You barely miss Terence.
Terence is heavily wounded.
Terence hits you with a +0 flail. Terence screams, "I want your blood!"
Terence hits you with a +0 flail.
You die...

#.###.##....#)####
#........<#......#
#.#######...####.#
...........## #%#
..########## #.#
..# #.# ..# #.#
..# ##.## ..#
#.@.# ..#
.......#@# ..#
#####.. .# .## #.#
## .# #. .# .. .#
### ## .#####.


You could see Terence.

Vanquished Creatures
  2 dart slugs (D:1)
  4 ball pythons
  4 endoplasms
  3 giant cockroaches
  3 goblins (D:1)
  2 hobgoblins (D:1)
  7 jackals
  10 kobolds
  2 quokkas
  3 bats (D:1)
  2 rats (D:1)
42 creatures vanquished.

Notes
Turn   | Place    | Note
-------+----------+-------------------------------------------
     0 | D:1      | qw the Gargoyle Fighter began the quest for the Orb.
     0 | D:1      | Reached XP level 1. HP: 14/14 MP: 1/1
     0 | D:1      | 0 ||| qw: Version: 0.3-a-7-ge0c9b40
     0 | D:1      | 0 ||| qw: Game counter: 971
     0 | D:1      | 0 ||| qw: Always use a shield: true
     0 | D:1      | 0 ||| qw: God list: Okawaru
     0 | D:1      | 0 ||| qw: Allow faded altars: false
     0 | D:1      | 0 ||| qw: Do Orc after D:15 true
     0 | D:1      | 0 ||| qw: Do second Lair branch before Depths: true
     0 | D:1      | 0 ||| qw: Lair rune preference: random
     0 | D:1      | 0 ||| qw: Plans: Normal, Zot:1-4, Slime:5, God:TSO, Crypt,
                  | Tomb, Abyss, Pan, Hells, Win
     0 | D:1      | 0 ||| PLANNING D:1-11
    15 | D:1      | 15 ||| Stepping ~*~*~tactically~*~*~ (hiding).
    16 | D:1      | 16 ||| Stepping ~*~*~tactically~*~*~ (hiding).
    17 | D:1      | 17 ||| Stepping ~*~*~tactically~*~*~ (hiding).
   175 | D:1      | Reached XP level 2. HP: 19/19 MP: 2/2
   247 | D:1      | 247 ||| DROPPING +0 club.
   474 | D:1      | 474 ||| Stepping ~*~*~tactically~*~*~ (hiding).
   497 | D:1      | Reached skill level 3 in Axes
   546 | D:1      | Reached XP level 3. HP: 18/23 MP: 3/3
  1159 | D:1      | 1159 ||| UPGRADING to +0 pair of boots.
  1164 | D:1      | 1164 ||| UPGRADING to +6 ring of dexterity.
  1165 | D:1      | 1165 ||| READING 2 scrolls labelled JIRANAOBU.
  1166 | D:1      | 1166 ||| READING scroll labelled DAYK XYMITUDEFIST.
  1167 | D:1      | 1167 ||| READING scroll labelled ZEUZAONASK.
  1355 | D:2      | Noticed Terence
  1366 | D:2      | HP: 4/23 [Terence/+0 flail (4)]
  1369 | D:2      | Slain by Terence

Levels and vault maps discovered:
D:1:      dreamdust_arrival_beginning_and_end, layout_loops_corners
D:2:      layout_loops_ring, nrook_campfire, uniq_terence

Skill      XL: |  1  2 |
---------------+-------+-----
Axes           | 2 3 |  3.5
Fighting       | |  3.2
Armour         | |  3.2
Dodging        | |  0.7
Shields        | |  3.2

Action                     || total
---------------------------++-------
  Melee: War axe           ||   141
    Use: Scroll            ||     3
 Armour: Scale mail        ||    70
  Dodge: Dodged            ||    60
  Block: Buckler           ||    31

Table legend:
 A = Non-vault XP
 B = Vault XP
 C = Vault XP percentage of total XP
 D = Non-vault monster count
 E = Vault monster count
 F = Vault count percentage of total count
                 A         B        C        D         E       F
            +---------+---------+-------+---------+---------+-------
      Total |      79 |       0 |   0.0 |      42 |       0 |   0.0
            +---------+---------+-------+---------+---------+-------
        D:1 |      63 |       0 |   0.0 |      33 |       0 |   0.0
        D:2 |      16 |       0 |   0.0 |       9 |       0 |   0.0
            +---------+---------+-------+---------+---------+-------
